 Dungeon Crawl Stone Soup version 0.29-a0-581-ge9a90b7 (webtiles) character file.

Game seed: 13358740660578328917

29 Illumine the Shield-Bearer (level 3, -16/33 HPs)
             Began as a Meteoran Fighter on June 13, 2022.
             Demolished by an ogre
             ... wielding a +0 giant club
              (29 damage)
             ... on level 5 of the Dungeon.
             The game lasted 00:01:59 (674 turns).

Illumine the Shield-Bearer (Meteoran Fighter)        Turns: 674, Time: 00:02:00

Health: -16/33     AC:  6    Str: 19    XL:     3   Next: 52%
Magic:  4/4        EV:  7    Int:  9    God:
Gold:   103        SH:  9    Dex: 14    Spells: 2/2 levels left

rFire   . . .      SeeInvis .   a - +0 war axe
rCold   . . .      Faith    .   e - +0 kite shield
rNeg    . . .      Spirit   .   b - +0 scale mail
rPois   .          Reflect  .   (no helmet)
rElec   .          Harm     .   (no cloak)
rCorr   .          Rampage  .   (no gloves)
Will    .....                   (no boots)
Stlth   ..........              (no amulet)
HPRegen 0.11/turn               (no ring)
MPRegen 0.09/turn               (no ring)

@: glowing
A: sense surroundings 1, otherworldly, glowing, explore regen
a: no special abilities


You were on level 5 of the Dungeon.
You visited 1 branch of the dungeon, and saw 6 of its levels.

You collected 103 gold pieces.

Inventory:

Hand Weapons
 a - a +0 war axe (weapon)
Armour
 b - a +0 scale mail (worn)
 c - a +0 buckler
 e - a +0 kite shield (worn)
Scrolls
 g - a scroll of immolation {unknown}
 h - a scroll of brand weapon {unknown}
 i - a scroll of blinking {unknown}
 k - 2 scrolls of identify {unknown}
 l - a scroll of enchant armour {unknown}
Potions
 d - a potion of might
 j - a potion of heal wounds {unknown}


   Skills:
 + Level 3.6 Fighting
 * Level 3.5 Axes
 - Level 3.6 Armour
 + Level 4.0 Shields


You had 2 spell levels left.
You didn't know any spells.
Your spell library was empty.

Dungeon Overview and Level Annotations

Branches:
Dungeon (6/15)
 Temple: D:4-7

Altars:

Shops:
D:1 (


Innate Abilities, Weirdness & Mutations

You passively map a small area around you.
You are easily found by Zot.
You glow in the dark.
You regain HP and MP as you explore.


Message History

You climb upwards.
There is a stone staircase leading down here.
Found a scroll labelled TISTAU WIDEW.
Found a dagger.
l - a scroll labelled HIVVUS YSAE
k - 2 scrolls labelled TISTAU WIDEW (gained 1)
You now have 103 gold pieces (gained 15).
An ogre is nearby!
Unknown command.
Throw: 3 javelins
Press: ? - help, Q - select action Shift-Dir - straight line, f - ogre
Aim: an ogre, wielding a +0 giant club (wandering, hasn't noticed you, 74% to hit)
You throw a javelin. The ogre shouts!
The javelin pierces through the ogre!
The ogre is moderately wounded.
Throw: 2 javelins
Press: ? - help, Q - select action Shift-Dir - straight line, f/p - ogre
Aim: an ogre, wielding a +0 giant club (moderately wounded, 74% to hit)
You throw a javelin. The javelin pierces through the ogre.
The ogre is heavily wounded.
Unknown command.
Throw: javelin
Press: ? - help, Q - select action Shift-Dir - straight line, f/p - ogre
Aim: an ogre, wielding a +0 giant club (heavily wounded, 74% to hit)
You throw a javelin. The javelin pierces through the ogre!
The ogre is almost dead.
Unknown command.
You closely miss the ogre.
The ogre is almost dead.
The ogre barely misses you.
You barely miss the ogre.
The ogre is almost dead.
The ogre hits you with a +0 giant club!!
Ouch! That really hurt!
You hit the ogre.
The ogre is almost dead.
The ogre hits you with a +0 giant club!!
Ouch! That really hurt!
You die...

#............##
#...........##
#.....###....# ##*
##....#####...##
*..####..............#
#..................#
*#.......#######...#
#.....### #####
#...@.# #...O## *
#..... * #.....# ,
#....... * #........ *
#..###### , #(.* , , ,


You could see an ogre.

Vanquished Creatures
  An adder (D:2)
  A dart slug (D:2)
  3 orcs (D:4)
  2 endoplasms (D:3)
  2 goblins (D:3)
  A hobgoblin (D:4)
  2 bats
  2 kobolds
  A rat (D:2)
15 creatures vanquished.

Notes
Turn   | Place    | Note
-------+----------+-------------------------------------------
     0 | D:1      | Illumine the Meteoran Fighter began the quest for the Orb.
     0 | D:1      | Reached XP level 1. HP: 19/19 MP: 2/2
    32 | D:1      | Found Sitipt's Antique Weapon Boutique.
   120 | D:2      | Found a faded altar of an unknown god.
   241 | D:2      | Reached XP level 2. HP: 21/26 MP: 3/3
   356 | D:3      | Reached XP level 3. HP: 28/31 MP: 4/4
   443 | D:4      | Reached skill level 4 in Shields
   451 | D:5      | Entered Level 5 of the Dungeon
   451 | D:5      | Noticed a centaur
   552 | D:5      | Noticed an ogre
   626 | D:6      | Noticed a black bear
   626 | D:6      | Noticed a bullfrog
   674 | D:5      | Demolished by an ogre

Illustrated notes

Levels and vault maps discovered:
D:1:      dpeg_arrival_tiny_k, layout_basic, serial_shops, shop, shop, shop,
          shop, shop_fountains
D:2:      layout_loops_ring, hellmonk_ecumenical_altar_run_dry,
          minmay_misc_feat_pillars, minmay_misc_feat_four_crosses
D:3:      layout_loops_cross, trog_butcher_becter
D:4:      layout_rooms, minmay_manual_macuahuitl
D:5:      layout_layer_cave
D:6:      layout_rooms, nicolae_kikubaaqudgha_miasma_corner,
          minmay_temple_entry_arrows, nicolae_ossuary_entry_giza,
          uniq_prince_ribbit1, uniq_pikel

Skill      XL: |  1  2  3 |
---------------+----------+-----
Axes           | 3 |  3.5
Shields        | 4 |  4.0
Fighting       | |  3.6
Armour         | |  3.6

Action                   || total
-------------------------++-------
Melee: War axe           ||    34
Throw: Javelin           ||     3
Armor: Scale mail        ||    17
Dodge: Dodged            ||    12
Block: Kite shield       ||    13

Table legend: (Time is in decaauts)
 A = Elapsed time spent in this place.
 B = Non-inter-level travel time spent in this place.
 C = Inter-level travel time spent in this place.
 D = Time resting spent in this place.
 E = Time spent auto-exploring this place.
 F = Levels seen in this place.
 G = Mean time per level.
                   A        B        C        D        E       F      G
               +--------+--------+--------+--------+--------+-----+--------+
         Total |    695 |    606 |     89 |      0 |    323 |   6 |  115.8 |
       Dungeon |    695 |    606 |     89 |      0 |    323 |   6 |  115.8 |
               +--------+--------+--------+--------+--------+-----+--------+

Top non-repeatable levels by time:
     D:2: 238 daAuts
     D:3: 165 daAuts
     D:4: 125 daAuts
     D:5: 116 daAuts
     D:1: 48 daAuts
     D:6: 1 daAuts
